 Dungeon Crawl Stone Soup version 0.30-a0-760-g5a9884bb7c (webtiles) character file.

Game seed: 17946450050449171123

34570 Newt the Skirmisher (level 14, -10/81 HPs)
             Began as a Kobold Hunter on Feb 10, 2023.
             Was a High Priest of Hepliaklqana.
             Mangled by a komodo dragon (30 damage)
             ... on level 5 of the Lair of Beasts.
             The game lasted 00:19:07 (13309 turns).

Newt the Skirmisher (Kobold Hunter)                Turns: 13309, Time: 00:19:07

Health: -10/81     AC:  8    Str:  8    XL:     14   Next: 14%
Magic:  26/26      EV: 26    Int: 11    God:    Hepliaklqana [*****.]
Gold:   439        SH:  0    Dex: 33    Spells: 26/29 levels left

rFire   + . .      SeeInvis .    a - +4 shortbow
rCold   x . .      Faith    .    (shield currently unavailable)
rNeg    . . .      Spirit   .    G - +0 leather armour of the Six Ears {rPois rC- Slay+5}
rPois   +          Reflect  .    (no helmet)
rElec   .          Harm     .    S - +2 cloak
rCorr   .          Rampage  .    y - +0 pair of gloves
Will    +....                    N - +0 pair of boots of the Doldrums {Dex+4}
Stlth   +++++                    d - amulet of regeneration
HPRegen 1.13/turn                e - +6 ring of dexterity
MPRegen 0.20/turn                A - ring of Conformity {rPois rF+ Stlth+}

@: studying Hexes
A: reduced essence, small, no large weapons, nightstalker 3
a: Renounce Religion, Recall Ancestor, Ancestor Identity, Transference, Idealise


You were on level 5 of the Lair of Beasts.
You worshipped Hepliaklqana.
Hepliaklqana was extremely pleased with you.
You visited 3 branches of the dungeon, and saw 17 of its levels.

You collected 865 gold pieces.
You spent 426 gold pieces at shops.

Inventory:

Hand Weapons
 a - a +4 shortbow (weapon)
Missiles
 C - 4 throwing nets
Armour
 c - a +1 leather armour
 h - a +0 pair of boots
 p - a +0 chain mail of poison resistance
 y - a +0 pair of gloves (worn)
 z - the +2 leather armour "Joytoje" {rF+}
   (You found it on level 7 of the Dungeon)

   rF:        It protects you from fire.
 F - +0 steam dragon scales
 G - the +0 leather armour of the Six Ears (worn) {rPois rC- Slay+5}
   (You bought it in a shop on level 1 of the Dungeon)

   Slay:      It affects your accuracy & damage with ranged weapons and melee
   (+5).
   rC:        It makes you vulnerable to cold.
   rPois:     It protects you from poison.
 N - the +0 pair of boots of the Doldrums (worn) {Dex+4}
   (You acquired it on level 10 of the Dungeon)

   Dex:       It affects your dexterity (+4).
 R - a +2 kite shield
 S - a +2 cloak (worn)
Jewellery
 d - an amulet of regeneration (around neck)
 e - a +6 ring of dexterity (left hand)
 f - the amulet "Tegeiklo" {RegenMP Harm rElec Int-3}
   (You found it on level 2 of the Dungeon)

   [amulet of magic regeneration]

   It increases your rate of magic regeneration.
   Int:       It affects your intelligence (-3).
   rElec:     It insulates you from electricity.
   Harm:      It increases damage dealt and taken.
 m - an amulet of magic regeneration
 n - a ring of poison resistance
 o - a +4 ring of protection
 A - the ring of Conformity (right hand) {rPois rF+ Stlth+}
   (You found it on level 10 of the Dungeon)

   [ring of poison resistance]

   rF:        It protects you from fire.
   rPois:     It protects you from poison.
   Stlth:     It makes you more stealthy.
 B - a ring of ice
 O - a ring of positive energy
 P - an amulet of the acrobat
 Q - a +5 ring of evasion
Wands
 q - a wand of mindburst (21)
 r - a wand of polymorph (10)
 v - a wand of light (18)
 E - a wand of paralysis (23)
 U - a wand of flame (8)
Scrolls
 b - 3 scrolls of immolation
 k - 2 scrolls of blinking
 t - 4 scrolls of amnesia
 w - a scroll of poison
 H - 2 scrolls of enchant armour
 K - 2 scrolls of identify
 M - a scroll of teleportation
 V - a scroll of fog
Potions
 g - 3 potions of degeneration
 i - 5 potions of might
 j - 2 potions of curing
 l - 2 potions of berserk rage
 s - 3 potions of cancellation
 u - 5 potions of haste
 x - 2 potions of invisibility
 D - 6 potions of lignification
 I - a potion of resistance
 J - 5 potions of brilliance
 L - 2 potions of mutation
 T - a potion of ambrosia
Miscellaneous
 W - a tin of tremorstones (2/2)


   Skills:
 + Level 11.5 Fighting
 - Level 14.0 Ranged Weapons
 - Level 10.0 Dodging
 - Level 1.3 Stealth
 - Level 8.0 Spellcasting
 - Level 11.2 Hexes
 - Level 8.0 Fire Magic
 - Level 5.0 Invocations
 - Level 10.0 Evocations


You had 26 spell levels left.
You knew the following spells:

 Your Spells              Type           Power      Damage    Failure   Level
a - Inner Flame           Hex/Fire       25%        N/A       1%          3

Your spell library contained the following spells:

 Spells                   Type           Power      Damage    Failure   Level
 Cause Fear               Hex            14%        N/A       2%          4
 Dazzling Flash           Conj/Hex       32%        N/A       7%          3
 Sting                    Tmut/Pois      16%        1d3       22%         1
 Ignite Poison            Fire/Tmut/Pois 10%        N/A       24%         3
 Kindle Blastsparks       Fire/Tloc/Air  20%        2d11      24%         3
 Poisonous Vapours        Pois/Air       8%         N/A       34%         2
 Static Discharge         Conj/Air       8%         2-3/arc   34%         2
 Flame Wave               Conj/Fire      13%        2d6       41%         4
 Sticky Flame             Conj/Fire      13%        2d4       41%         4
 Frozen Ramparts          Ice            8%         1d2       56%         3
 Hailstorm                Conj/Ice       4%         3d4       56%         3
 Vhi's Electric Charge    Tloc/Air       8%         N/A       56%         3
 Animate Armour           Summ/Erth      8%         N/A       92%         4
 Ice Form                 Ice/Tmut       4%         N/A       92%         4
 Iskenderun's Mystic Bla  Conj/Tloc      4%         2d3       92%         4
 Olgreb's Toxic Radiance  Pois           4%         N/A       92%         4
 Summon Ice Beast         Ice/Summ       4%         N/A       92%         4
 Alistair's Intoxication  Tmut/Pois      2%         N/A       99%         5
 Arcjolt                  Conj/Air       2%         1d12      99%         5
 Blade Hands              Tmut           2%         N/A       99%         5
 Borgnjor's Vile Clutch   Necr/Erth      2%         N/A       99%         5
 Freezing Cloud           Conj/Ice/Air   2%         6-21      99%         5
 Lightning Bolt           Conj/Air       2%         1d13      99%         5
 Eringya's Noxious Bog    Tmut/Pois      2%         N/A       100%        6
 Iron Shot                Conj/Erth      2%         9d2       100%        6
 Simulacrum               Ice/Necr       2%         N/A       100%        6
 Starburst                Conj/Fire      6%         6d4       100%        6
 Dragon Form              Tmut           2%         N/A       100%        7
 Ozocubu's Refrigeration  Ice            2%         4d7       100%        7
 Discord                  Hex            14%        N/A       100%        8
 Ignition                 Fire           11%        3d5       100%        8
 Dragon's Call            Summ           2%         N/A       100%        9


Dungeon Overview and Level Annotations

Branches:
Dungeon (11/15)            Temple (1/1) D:4            Lair (5/5) D:8
  Swamp (0/4) Lair:2       Spider (0/4) Lair:2          Orc (0/2) D:9
  Slime: Lair:4-5

Altars:
Ashenzari
Cheibriados
Dithmenos
Elyvilon
Fedhas
Gozag
Hepliaklqana
Kikubaaqudgha
Makhleb
Nemelex Xobeh
Okawaru
Qazlal
Ru
Sif Muna
Trog
Uskayaw
Vehumet
Wu Jian
Xom
Yredelemnul
Zin

Shops:
D:1 [   D:4 *   D:5 *   D:7 (   D:10 (

Annotations:
Lair:5 Josephine


Innate Abilities, Weirdness & Mutations

Your life essence is reduced to manifest your ancestor. (-10% HP)
You are small and have problems with some larger weapons.
You are completely attuned to the shadows.


Message History

You kill the boggart!
The komodo dragon dissolves into shadows!
The black mamba dissolves into shadows!
The dream sheep dissolves into shadows! x5
The wolf completely misses you. The wolf bites you.
The wolf completely misses you. The wolf misses you.
You shoot an arrow. The arrow hits the wolf!
The wolf is heavily wounded.
The wolf bites you! The wolf misses you. The wolf completely misses you.
You shoot an arrow. The arrow misses the wolf.
The arrow hits the wraith!
The wraith is heavily damaged.
Your surroundings suddenly seem different.
A komodo dragon comes into view.
Fire: a) +4 shortbow
Press: ? - help, Shift-Dir - straight line, f - komodo dragon
Aim: a komodo dragon (asleep, 98% to hit)
You shoot an arrow. The arrow hits the komodo dragon.
The komodo dragon hisses angrily.
The komodo dragon is lightly wounded.
Fire: a) +4 shortbow
Press: ? - help, Shift-Dir - straight line, f/p - komodo dragon
Aim: a komodo dragon (lightly wounded, 83% to hit)
You shoot an arrow.
The arrow barely misses the komodo dragon.
The komodo dragon bites you!!
* * * LOW HITPOINT WARNING * * *
Fire: a) +4 shortbow
Press: ? - help, Shift-Dir - straight line, f/p - komodo dragon
Aim: a komodo dragon (lightly wounded, 83% to hit)
You shoot an arrow. The arrow hits the komodo dragon.
The komodo dragon is moderately wounded.
The komodo dragon completely misses you.
Fire: a) +4 shortbow
Press: ? - help, Shift-Dir - straight line, f/p - komodo dragon
Aim: a komodo dragon (moderately wounded, 83% to hit)
Aiming: Paralyse
Press: ? - help, Shift-Dir - straight line, f/p - komodo dragon
Aim: a komodo dragon (moderately wounded, chance to affect: 54%)
The komodo dragon resists with significant effort.
The komodo dragon bites you!!
You die...

#.....
.....#
.....##
....l.#
....@.#
.....##
.....#
......
.#.....
#......
#P......
#........
##.....P.P
###


You could see a komodo dragon.

Vanquished Creatures
  2 hydras
  A boulder beetle (Lair:1)
  A two-headed ogre (D:11)
  A skyshark (Lair:4)
  A cyclops (D:10)
  A black mamba (Lair:2)
  4 cane toads
  Maggie (D:7)
  4 komodo dragons
  2 unseen horror zombies (D:9)
  5 polar bears
  4 trolls
  5 hornets (Lair:5)
  Prince Ribbit (D:6)
  Grinder (D:4)
  5 blink frogs
  A dream sheep (Lair:5)
  2 slime creatures (D:11)
  A jumping spider (Lair:2)
  8 spriggans (Lair:5)
  A wraith (Lair:5)
  30 yaks
  Eustachio (D:6)
  2 wyverns
  A redback (Lair:2)
  3 steam dragons
  2 vampire mosquitoes (D:10)
  7 water moccasins
  3 orc warriors
  4 black bears
  An ogre (D:6)
  25 wolves
  5 boggarts (Lair:5)
  2 centaurs
  3 phantoms
  3 kobold brigands
  9 bullfrogs
  3 necrophages
  A scorpion (D:9)
  13 wights
  2 killer bees (D:9)
  2 howler monkeys
  A crimson imp (D:7)
  4 centaur zombies (D:9)
  6 hounds
  A jelly (D:8)
  5 orc priests
  2 gnoll boudas
  3 iguanas
  3 orc wizards
  2 howler monkey zombies (D:9)
  18 gnolls
  11 adders
  2 white imps (D:7)
  3 worms
  A dart slug (D:5)
  15 orcs
  7 ball pythons
  6 bats
  8 endoplasms
  3 giant cockroaches (D:1)
  8 goblins
  7 hobgoblins
  4 jackals (D:1)
  22 kobolds
  2 quokkas (D:3)
  6 frilled lizards
  3 rats
327 creatures vanquished.

Vanquished Creatures (collateral kills)
  A two-headed ogre (D:9)
  Nergalle (Lair:3)
  A deep elf pyromancer (D:8)
  An oklob plant (Lair:4)
  A black mamba (Lair:1)
  A gargoyle (D:10)
  A komodo dragon (Lair:4)
  3 cane toads
  2 rime drakes
  A hornet (Lair:1)
  4 blink frogs
  3 polar bears (Lair:5)
  A slime creature (D:11)
  A jumping spider (Lair:2)
  3 spriggans (Lair:5)
  A shadow (D:9)
  A vampire (D:11)
  A wyvern (Lair:2)
  4 yaks
  2 water moccasins
  An orc warrior (D:9)
  6 wolves
  2 bullfrogs (Lair:3)
  A scorpion (D:9)
  2 killer bees (D:9)
  3 adders (Lair:1)
49 creatures vanquished.

Vanquished Creatures (others)
  A two-headed ogre (D:9)
  2 knights
  An ancestor (D:9)
  32 fungi
  31 plants
67 creatures vanquished.

Grand Total: 443 creatures vanquished

Notes
Turn   | Place    | Note
-------+----------+-------------------------------------------
     0 | D:1      | Newt the Kobold Hunter began the quest for the Orb.
     0 | D:1      | Reached XP level 1. HP: 12/12 MP: 1/1
    92 | D:1      | Found Zaraus's Antique Armour Emporium.
   101 | D:1      | Reached XP level 2. HP: 18/18 MP: 2/2
   285 | D:1      | Reached XP level 3. HP: 20/23 MP: 3/3
   596 | D:1      | Found a faded altar of an unknown god.
  1123 | D:2      | Identified the amulet "Tegeiklo" {RegenMP Harm rElec Int-3}
  1214 | D:2      | Reached XP level 4. HP: 30/30 MP: 4/4
  1499 | D:2      | Reached skill level 5 in Fighting
  1662 | D:3      | Reached XP level 5. HP: 24/35 MP: 5/5
  1968 | D:3      | Reached skill level 6 in Ranged Weapons
  2511 | D:4      | Found a hide-covered altar of Uskayaw.
  2565 | D:4      | Noticed a phantom
  2575 | D:4      | Killed a phantom
  2576 | D:4      | Reached skill level 7 in Ranged Weapons
  2576 | D:4      | Reached XP level 6. HP: 26/40 MP: 6/6
  2610 | D:4      | Found a staircase to the Ecumenical Temple.
  2636 | Temple   | Entered the Ecumenical Temple
  2695 | D:4      | Found a white marble altar of Elyvilon.
  2703 | D:4      | Noticed Grinder
  2718 | D:4      | Paralysed by Grinder for 4 turns
  2733 | D:4      | Killed Grinder
  2734 | D:4      | Reached skill level 9 in Ranged Weapons
  2734 | D:4      | Reached XP level 7. HP: 40/44 MP: 7/7
  3065 | D:4      | Found Sobafo's Assorted Antiques.
  3070 | D:4      | Bought a scroll labelled EXI EFYSYTS for 19 gold pieces
  3088 | D:5      | Entered Level 5 of the Dungeon
  3272 | D:5      | Reached skill level 10 in Ranged Weapons
  3357 | D:5      | Found Ewnumpo's Assorted Antiques.
  3414 | D:5      | Reached XP level 8. HP: 18/49 MP: 8/8
  3610 | D:5      | Reached skill level 5 in Dodging
  3851 | D:6      | Found a broken altar of Ashenzari.
  3923 | D:6      | Noticed Eustachio
  3942 | D:6      | Killed Eustachio
  3943 | D:6      | Reached skill level 5 in Evocations
  3961 | D:6      | Noticed a yak
  3961 | D:6      | Noticed a yak
  3961 | D:6      | Noticed a yak
  3976 | D:6      | Killed a yak
  3977 | D:6      | Reached XP level 9. HP: 41/54 MP: 9/9
  3988 | D:6      | Reached skill level 11 in Ranged Weapons
  3990 | D:6      | Reached skill level 12 in Ranged Weapons
  4205 | D:6      | Noticed Prince Ribbit
  4213 | D:6      | Killed Prince Ribbit
  4253 | D:6      | Found an ancient bone altar of Kikubaaqudgha.
  4566 | D:6      | Found a snail-covered altar of Cheibriados.
  4596 | D:6      | Found an ornate altar of the Wu Jian Council.
  4600 | D:6      | Noticed a spectral centipede
  4616 | D:6      | Reached skill level 13 in Ranged Weapons
  4715 | D:7      | Identified the +2 leather armour "Joytoje" {rF+}
  4788 | D:7      | Found a shimmering altar of Xom.
  4791 | D:7      | Found a burning altar of Makhleb.
  4824 | D:7      | Found Peekic's Weapon Shop.
  5046 | D:7      | Found a hazy altar of Hepliaklqana.
  5051 | D:7      | Became a worshipper of Hepliaklqana the Forgotten
  5292 | D:7      | Noticed Maggie
  5296 | D:7      | Paralysed by Maggie for 4 turns
  5304 | D:7      | Killed Maggie
  5305 | D:7      | Reached skill level 14 in Ranged Weapons
  5305 | D:7      | Reached XP level 10. HP: 59/59 MP: 10/10
  5465 | D:1      | Bought a glimmering leather armour for 168 gold pieces
  5465 | D:1      | Identified the +0 leather armour of the Six Ears {rPois rC-
                  | Slay+5} (You bought it in a shop on level 1 of the Dungeon)
  5697 | D:8      | Found a glowing silver altar of Zin.
  5760 | D:8      | Reached skill level 10 in Dodging
  5915 | D:8      | Identified the +10 hand axe of Rotation {speed, rF- Str+6}
  6008 | D:8      | Found a staircase to the Lair.
  6014 | D:8      | Reached * piety under Hepliaklqana
  6047 | D:8      | Noticed a deep elf pyromancer
  6052 | D:8      | Killed a deep elf pyromancer
  6467 | D:9      | Identified a scroll of acquirement
  6467 | D:9      | Acquired a manual of Hexes
  6504 | D:9      | Found a staircase to the Orcish Mines.
  6584 | D:9      | Reached XP level 11. HP: 62/62 MP: 11/11
  6659 | D:9      | Reached skill level 10 in Fighting
  6659 | D:9      | Reached skill level 1 in Invocations
  6700 | D:9      | Found a stormy altar of Qazlal.
  6864 | D:9      | Noticed a two-headed ogre
  6870 | D:9      | Killed a two-headed ogre
  6871 | D:9      | Reached skill level 5 in Invocations
  6994 | D:9      | Found a bloodstained altar of Trog.
  7087 | D:9      | Found a sacrificial altar of Ru.
  7159 | D:9      | Noticed a two-headed ogre
  7166 | D:9      | Killed a two-headed ogre
  7173 | D:9      | Found an opulent altar of Gozag.
  7293 | D:10     | Entered Level 10 of the Dungeon
  7425 | D:10     | Identified the ring of Conformity {rPois rF+ Stlth+}
  7613 | D:10     | Found Bettaugi's Weapon Emporium.
  7614 | D:10     | Reached ** piety under Hepliaklqana
  7615 | D:10     | Remembered your ancestor Decima as a knight
  7689 | D:10     | Found a shimmering blue altar of Sif Muna.
  7880 | D:10     | Noticed a cyclops
  7886 | D:10     | Killed a cyclops
  8292 | D:11     | Noticed a two-headed ogre
  8297 | D:11     | Killed a two-headed ogre
  8298 | D:11     | Reached skill level 10 in Evocations
  8298 | D:11     | Reached XP level 12. HP: 69/69 MP: 15/15
  8333 | D:11     | Reached skill level 1 in Hexes
  8363 | D:11     | Reached skill level 1 in Spellcasting
  8363 | D:11     | Reached skill level 1 in Fire Magic
  8435 | D:10     | Acquired the +0 pair of boots of the Doldrums {Dex+4}
  8629 | D:1      | Bought an embroidered cloak for 180 gold pieces
  8731 | D:4      | Bought an inky potion for 17 gold pieces
  8769 | D:5      | Bought a scroll of identify for 42 gold pieces
  8860 | Lair:1   | Entered Level 1 of the Lair of Beasts
  8987 | Lair:1   | Learned a level 3 spell: Inner Flame
  9096 | Lair:1   | Found a hide-covered altar of Uskayaw.
  9097 | Lair:1   | Noticed a boulder beetle
  9131 | Lair:1   | Found an ornate altar of the Wu Jian Council.
  9135 | Lair:1   | Killed a boulder beetle
  9136 | Lair:1   | Reached skill level 5 in Hexes
  9303 | Lair:1   | Reached *** piety under Hepliaklqana
 10056 | Lair:2   | Found a hole to the Spider Nest.
 10064 | Lair:2   | HP: 3/69 [cloud of flame (9)]
 10245 | Lair:2   | Found a staircase to the Swamp.
 10452 | Lair:2   | Reached skill level 5 in Spellcasting
 10462 | Lair:2   | Reached skill level 5 in Fire Magic
 10471 | Lair:2   | Reached XP level 13. HP: 57/73 MP: 16/21
 10603 | Lair:2   | Reached **** piety under Hepliaklqana
 11116 | Lair:3   | Noticed an eight-headed hydra
 11124 | Lair:3   | Killed an eight-headed hydra
 11386 | Lair:3   | Noticed Nergalle
 11398 | Lair:3   | Killed Nergalle
 11508 | Lair:3   | Reached skill level 10 in Hexes
 11961 | Lair:4   | Reached ***** piety under Hepliaklqana
 12115 | Lair:4   | Noticed an eight-headed hydra
 12120 | Lair:4   | Killed an eight-headed hydra
 12682 | Lair:5   | Entered Level 5 of the Lair of Beasts
 13062 | Lair:5   | Reached XP level 14. HP: 71/79 MP: 26/26
 13286 | Lair:5   | Noticed Josephine
 13309 | Lair:5   | Mangled by a komodo dragon

Illustrated notes

Levels and vault maps discovered:
D:1:      amcnicky_arrival_flooded_fountain, layout_basic, serial_shops,
          nicolae_shop_stone, shapermc_ecumenical_altar_hornbeckon, minivault_26
D:2:      minmay_angry_zag, layout_basic, minmay_misc_feat_chi
D:3:      layout_loops_cross, chequers_jeans
D:4:      layout_rooms, mainiacjoe_overflow_small_starburst,
          mainiacjoe_overflow_catwalk, minmay_temple_entry_glassed_door,
          serial_shops, nicolae_shop_waterfront, uniq_grinder
D:5:      layout_basic, serial_shops, kennysheep_mini_moat,
          hangedman_abyss_or_decor_lesser_grid, minivault_14
D:6:      layout_rooms, lemuel_round_altar, chei_slow_surprise,
          pdpol_wu_jian_five_deadly_venoms, mainiacjoe_overflow_24_doors,
          uniq_prince_ribbit1, uniq_eustachio
D:7:      layout_rooms, worldfamousw_hep_ancestral_shrine,
          lemuel_coloured_pillars_altar,
          grunt_temple_overflow_champion_of_chaos, serial_shops, shop,
          uniq_maggie
D:8:      layout_loops_cross, mainiacjoe_overflow_cross_hatched,
          grunt_lair_entry_orc_guard_hut, kennysheep_generic_room_11
D:9:      layout_basic, marbit_many_paths, nicolae_qazlal_general_emergency,
          nicolae_gozag_seed_capital, trog_butcher_becter, orc_0_dummy,
          serial_undead, serial_undead_c, serial_undead_b, serial_undead_a,
          serial_undead_d
D:10:     layout_small_grid, kennysheep_orc_sif_temple, serial_shops,
          nicolae_shop_bloodbath_and_beyond
D:11:     layout_big_octagon, nrook_guardian_serpent_double
Temple:   hellmonk_temple_two_chambers
Lair:1:   minmay_lair_venomous_thicket, layout_chaotic_city,
          minmay_stone_trees_small, nzn_masters_of_martial_movement,
          grunt_megastairs_3
Lair:2:   layout_regular_city, swamp_mist_pool, spider_nest_entry_a,
          st_stairs_3, grunt_megastairs_4
Lair:3:   layout_hall_layers, uniq_nergalle
Lair:4:   layout_loops_ring, patterned_corridor
Lair:5:   minmay_lair_end_enchanted_forest, layout_hall_layers, slime_entry_1,
          uniq_josephine

Skill      XL: |  1  2  3  4  5  6  7  8  9 10 11 12 13 14 |
---------------+-------------------------------------------+-----
Fighting       | 3 4 5 8 10 11 | 11.5
Ranged Weapons | 7 9 10 14 | 14.0
Dodging        | 4 6 7 10 | 10.0
Evocations     | 5 10 | 10.0
Invocations    | 5 |  5.0
Hexes          | 7 11 | 11.2
Spellcasting   | 5 8 |  8.0
Fire Magic     | 5 8 |  8.0
Stealth        | |  1.3

Action                     |  1- 3 |  4- 6 |  7- 9 | 10-12 | 13-15 || total
---------------------------+-------+-------+-------+-------+-------++-------
   Fire: Shortbow          |    84 |   101 |   256 |   458 |   291 ||  1190
   Cast: Inner Flame       |       |       |       |     3 |     3 ||     6
 Invoke: Ancestor Life: Kn |       |       |       |     1 |       ||     1
  Evoke: Wand              |       |       |     1 |     2 |     2 ||     5
    Use: Scroll            |     4 |     5 |     5 |    16 |     2 ||    32
         Potion            |       |     1 |       |     2 |       ||     3
 Armour: Leather armour    |     7 |     7 |    23 |    31 |    18 ||    86
  Dodge: Dodged            |    29 |    31 |   138 |   249 |   140 ||   587

Table legend: (Time is in decaauts)
 A = Elapsed time spent in this place.
 B = Non-inter-level travel time spent in this place.
 C = Inter-level travel time spent in this place.
 D = Time resting spent in this place.
 E = Time spent auto-exploring this place.
 F = Levels seen in this place.
 G = Mean time per level.
                   A        B        C        D        E       F      G
               +--------+--------+--------+--------+--------+-----+--------+
         Total |  13281 |  12117 |   1164 |    645 |   9599 |  17 |  781.2 |
       Dungeon |   8864 |   7828 |   1036 |    394 |   6128 |  11 |  805.8 |
        Temple |     31 |     25 |      6 |      0 |     21 |   1 |   31.0 |
          Lair |   4385 |   4264 |    121 |    251 |   3450 |   5 |  877.0 |
               +--------+--------+--------+--------+--------+-----+--------+

Top non-repeatable levels by time:
     D:1: 1133 daAuts
  Lair:2: 1123 daAuts
     D:6: 988 daAuts
  Lair:1: 955 daAuts
  Lair:3: 926 daAuts
     D:8: 882 daAuts
     D:9: 869 daAuts
     D:3: 853 daAuts
    D:10: 848 daAuts
     D:4: 782 daAuts
  Lair:4: 771 daAuts
     D:5: 761 daAuts
     D:2: 729 daAuts
     D:7: 691 daAuts
  Lair:5: 608 daAuts
